 Dungeon Crawl Stone Soup version 0.31-a0-202-g547052bce9 (webtiles) character file.

Game seed: 13186709313798503694

195 qw the Skirmisher (level 5, 0/29 HPs)
             Began as a Deep Elf Hunter on June 26, 2023.
             Slain by a two-headed ogre
             ... wielding a +0 giant spiked club
              (9 damage)
             ... on level 4 of the Dungeon.
             The game lasted 00:00:49 (2046 turns).

qw the Skirmisher (Deep Elf Hunter)                 Turns: 2046, Time: 00:00:49

Health: 0/29       AC:  7    Str: 10    XL:     5   Next: 45%
Magic:  7/7        EV: 17    Int: 17    God:
Gold:   172        SH:  0    Dex: 24    Spells: 4/4 levels left

rFire   . . .        Y - +0 shortbow
rCold   + . .        (shield currently unavailable)
rNeg    . . .        d - +0 ring mail
rPois   .            m - +0 helmet
rElec   .            (no cloak)
rCorr   .            (no gloves)
SInv    .            a - +0 pair of boots
Will    .....        (no amulet)
Stlth   ++           g - ring "Hoyn" {Drain rC+ Int+3 Dex+6 Slay+3}
HPRegen 0.24/turn    h - +5 ring of evasion
MPRegen 0.10/turn

%: no passive effects
@: no status effects
A: no striking features
a: no special abilities


You were on level 4 of the Dungeon.
You visited 1 branch of the dungeon, and saw 4 of its levels.

You collected 172 gold pieces.


   Skills:
 - Level 1.5 Fighting
 + Level 8.7 Ranged Weapons
 - Level 3.0 Dodging
 - Level 1.2 Stealth


You had 4 spell levels left.
You didn't know any spells.
Your spell library was empty.

Inventory:

Hand Weapons
 Y - a +0 shortbow (weapon)
Armour
 a - a +0 pair of boots (worn)
 d - a +0 ring mail (worn)
 m - a +0 helmet (worn)
Jewellery
 c - a ring of flight
 g - the ring "Hoyn" (left hand) {Drain rC+ Int+3 Dex+6 Slay+3}
   (You found it on level 2 of the Dungeon)

   [ring of dexterity]

   Int:       It affects your intelligence (+3).
   Dex:       It affects your dexterity (+6).
   Slay:      It affects your accuracy & damage with ranged weapons and melee
   (+3).
   rC:        It protects you from cold.
   Drain:     It drains your maximum health when unequipped.
 h - a +5 ring of evasion (right hand)
Scrolls
 j - a scroll of identify
Potions
 b - a potion of brilliance {unknown}
 e - a potion of curing {unknown}
 f - a potion of lignification {unknown}
 k - a potion of heal wounds {unknown}
 n - a potion of attraction {unknown}

Dungeon Overview and Level Annotations

Branches:
Dungeon (4/15)
 Temple: D:4-7

Altars:
Trog

Annotations:
D:4 4 runed translucent doors


Message History

You now have 168 gold pieces (gained 11).
Found a leather armour.
Enter note: You now have 172 gold pieces (gained 4).
You open the door.
There is an open door here.
c - a ring of flight
Enter note: An endoplasm and an orc come into view.
The orc shouts!
You hear a shout!
You hear two shouts!
The endoplasm quivers.
You shoot an arrow. The arrow hits the endoplasm.
The endoplasm is moderately wounded.
You shoot an arrow. The arrow hits the endoplasm.
The endoplasm is severely wounded.
The endoplasm misses you.
The orc loudly roars encouragement to no one in particular.
You shoot an arrow. The arrow hits the endoplasm!
You kill the endoplasm!
You shoot an arrow. The arrow hits the orc.
The orc is severely wounded.
The orc hits you with a +0 war axe.
You shoot an arrow. The arrow barely misses the orc.
The orc misses you.
You shoot an arrow. The arrow hits the orc!
You kill the orc!
You start resting.
A two-headed ogre comes into view.
It is wielding two +0 giant spiked clubs.
You shoot an arrow. The arrow hits the two-headed ogre!
The two-headed ogre is moderately wounded.
You shoot an arrow.
The arrow hits the two-headed ogre but does no damage.
The two-headed ogre is moderately wounded.
A worm comes into view.
You shoot an arrow. The arrow hits the two-headed ogre!
The two-headed ogre is moderately wounded.
The two-headed ogre hits you with a +0 giant spiked club!!
Ouch! That really hurt!
The two-headed ogre hits you with a +0 giant spiked club!
You die...

.~...#.##8c?8##.## #.#
...#.#.#8....8#.########.#
~..#.#.+.....c+..........#
..#.#.+......+.#######..#
#.#...#8....8#.# #[.#
##.#.#.##8!}8##.#### #..#
........######.....## #..#
.#..###+# #'###..# #..# .#.##
#..@##.###..# ...#
##.#O#......# .#.#
#.##.#..##.######### ...#
##.#.#..##.......... ##.#
###w#..############ #.## ####
##..# #....
#..######..######...# #.###
##................#.########.#
#.###.#####..#####..........#


You could see a two-headed ogre and a worm.

Vanquished Creatures
  An ogre (D:3)
  3 adders (D:3)
  A worm (D:3)
  A dart slug (D:2)
  5 orcs
  5 bats
  5 endoplasms
  2 giant cockroaches
  8 hobgoblins
  2 jackals (D:2)
  6 kobolds
  2 quokkas
  5 ball pythons
  A frilled lizard (D:1)
  11 goblins
  7 rats
65 creatures vanquished.

Notes
Turn   | Place    | Note
-------+----------+-------------------------------------------
     0 | D:1      | qw the Deep Elf Hunter began the quest for the Orb.
     0 | D:1      | Reached XP level 1. HP: 12/12 MP: 3/3
     0 | D:1      | 0 ||| qw: Version: 0.3-a-22-g0ed2b0b
     0 | D:1      | 0 ||| qw: Game counter: 5822
     0 | D:1      | 0 ||| qw: Melee chars always use a shield: true
     0 | D:1      | 0 ||| qw: God list: Okawaru
     0 | D:1      | 0 ||| qw: Allow faded altars: false
     0 | D:1      | 0 ||| qw: Do Orc after clearing Dungeon:15 true
     0 | D:1      | 0 ||| qw: Do second Lair branch before Depths: true
     0 | D:1      | 0 ||| qw: Lair rune preference: random
     0 | D:1      | 0 ||| qw: Goals: Normal
     0 | D:1      | 0 ||| PLANNING D:1-11
   151 | D:1      | HP: 3/12 [poisoned by a goblin]
   154 | D:1      | HP: 1/12 [poisoned by a goblin]
   349 | D:1      | Reached XP level 2. HP: 16/16 MP: 4/4
   368 | D:1      | Reached skill level 6 in Ranged Weapons
   571 | D:1      | 571 ||| UPGRADING to +0 ring mail.
   581 | D:1      | 581 ||| DROPPING +0 leather armour.
   582 | D:1      | 582 ||| DROPPING scroll of butterflies.
   677 | D:2      | Identified the ring "Hoyn" {Drain rC+ Int+3 Dex+6 Slay+3}
   821 | D:2      | Reached XP level 3. HP: 20/20 MP: 5/5
  1167 | D:2      | 1167 ||| UPGRADING to ring "Hoyn" {Drain rC+ Int+3 Dex+6
                  | Slay+3}.
  1168 | D:2      | 1168 ||| UPGRADING to +5 ring of evasion.
  1169 | D:2      | 1169 ||| DROPPING ring of willpower.
  1170 | D:2      | 1170 ||| READING scroll labelled VUDIS IHUCYUCS.
  1171 | D:2      | 1171 ||| READING 3 scrolls labelled LOUMEG XIUDOEXT.
  1172 | D:2      | 1172 ||| READING scroll labelled PETOBY HUUNISI.
  1173 | D:2      | 1173 ||| DROPPING 2 scrolls of fear.
  1246 | D:3      | Reached skill level 7 in Ranged Weapons
  1372 | D:3      | Reached XP level 4. HP: 25/25 MP: 6/6
  1381 | D:3      | Noticed an ogre
  1387 | D:3      | Killed an ogre
  1388 | D:3      | Reached skill level 8 in Ranged Weapons
  1388 | D:3      | Reached XP level 5. HP: 11/29 MP: 7/7
  1546 | D:3      | Found a bloodstained altar of Trog.
  1547 | D:3      | 1547 ||| Stepping ~*~*~tactically~*~*~ (outnumbered).
  1549 | D:3      | 1549 ||| Stepping ~*~*~tactically~*~*~ (outnumbered).
  1551 | D:3      | 1551 ||| Stepping ~*~*~tactically~*~*~ (outnumbered).
  1557 | D:3      | 1557 ||| Stepping ~*~*~tactically~*~*~ (outnumbered).
  1561 | D:3      | 1561 ||| Stepping ~*~*~tactically~*~*~ (outnumbered).
  1563 | D:3      | 1563 ||| Stepping ~*~*~tactically~*~*~ (outnumbered).
  1565 | D:3      | 1565 ||| Stepping ~*~*~tactically~*~*~ (outnumbered).
  1736 | D:3      | Reached skill level 3 in Dodging
  1840 | D:3      | 1840 ||| UPGRADING to +0 pair of boots.
  1845 | D:3      | 1845 ||| UPGRADING to +0 helmet.
  1850 | D:3      | 1850 ||| DROPPING ring of protection from cold.
  1851 | D:3      | 1851 ||| READING scroll labelled ZAOLOE DUGA.
  1852 | D:3      | 1852 ||| READING 2 scrolls labelled ZICYIGR SAEGH.
  1853 | D:3      | 1853 ||| READING scroll labelled HADOXI TITS.
  1936 | D:4      | Found a large runed translucent door.
  1938 | D:4      | Found a large runed translucent door.
  1942 | D:4      | Noticed a water moccasin
  1943 | D:4      | Noticed a centaur
  1949 | D:4      | Found a large runed translucent door.
  1949 | D:4      | Found a large runed translucent door.
  2043 | D:4      | Noticed a two-headed ogre
  2046 | D:4      | Slain by a two-headed ogre

Levels and vault maps discovered:
D:1:      mainiacjoe_arrival_reflecting_pool, layout_basic,
          minmay_shallow_snake_nest
D:2:      layout_basic, minmay_fractal_squares_gapless_5
D:3:      layout_rooms, trog_hazing_becter
D:4:      layout_basic, riverfiend_overflow_shadow_ancestor,
          lemuel_crystal_altar, mainiacjoe_overflow_small_starburst,
          corner_web_ring, minmay_hollow_rounded_squares

Skill      XL: |  1  2  3  4  5 |
---------------+----------------+-----
Ranged Weapons | 6 7 8 |  8.7
Dodging        | 3 |  3.0
Fighting       | |  1.5
Stealth        | |  1.2

Action                     |  1- 3 |  4- 6 || total
---------------------------+-------+-------++-------
   Fire: Shortbow          |    90 |    50 ||   140
    Use: Scroll            |     3 |     3 ||     6
 Armour: Leather armour    |     1 |       ||     1
         Ring mail         |     7 |     4 ||    11
  Dodge: Dodged            |    29 |    11 ||    40

Table legend:
 A = Non-vault XP
 B = Vault XP
 C = Vault XP percentage of total XP
 D = Non-vault monster count
 E = Vault monster count
 F = Vault count percentage of total count
                 A         B        C        D         E       F
            +---------+---------+-------+---------+---------+-------
      Total |     258 |      21 |   7.5 |      54 |      11 |  16.9
            +---------+---------+-------+---------+---------+-------
        D:1 |      23 |       1 |   4.2 |      13 |       1 |   7.1
        D:2 |      27 |       4 |  12.9 |      14 |       2 |  12.5
        D:3 |     202 |      11 |   5.2 |      24 |       6 |  20.0
        D:4 |       6 |       5 |  45.5 |       3 |       2 |  40.0
            +---------+---------+-------+---------+---------+-------
